 Dungeon Crawl Stone Soup version 0.31-a0-690-g7ce4588941 (webtiles) character file.

Game seed: 11614227367533745166

17286 Gargoyl the Cleaver (level 12, -1/112 (115) HPs)
             Began as a Gargoyle Berserker on Sept 6, 2023.
             Was a Priest of Trog.
             Slain by a jumping spider (4 damage)
             ... on level 3 of the Lair of Beasts.
             The game lasted 00:13:24 (8971 turns).

Gargoyl the Cleaver (Gargoyle Berserker)            Turns: 8971, Time: 00:13:25

HP:   -1/112 (115)  AC: 27    Str: 23    XL:     12   Next: 46%
MP:   12/12         EV:  5    Int:  7    God:    Trog [***...]
Gold: 631           SH:  0    Dex: 13    Spells: 11/11 levels left

rFire   . . .        w - +3 broad axe (flame)
rCold   . . .        (no shield)
rNeg    + + .        u - +2 chain mail
rPois   ∞            x - +0 helmet of Autumn {+Inv rN+ Regen+}
rElec   +            (no cloak)
rCorr   .            k - +2 pair of gloves
SInv    .            (no boots)
Will    ++...        (no amulet) Stlth
                     h - ring of flight
HPRegen 2.18/turn    (no ring)
MPRegen 0.13/turn

%: no passive effects
@: berserking (expiring), strong-willed, flying, very slightly contaminated,
held, regenerating, lightly drained, invisible, very quick
A: sickness immunity, AC +8, negative energy resistance 1, electricity
resistance, torment resistance 1, petrification resistance
a: Renounce Religion, Evoke Invisibility, Berserk, Trog's Hand


You were on level 3 of the Lair of Beasts.
You worshipped Trog.
Trog was most pleased with you.
You visited 2 branches of the dungeon, and saw 11 of its levels.

You collected 631 gold pieces.

Inventory:

Hand Weapons
 f - a +2 heavy war axe
 w - a +3 broad axe of flaming (weapon)
 y - a +3 hand axe of freezing
 A - a +0 broad axe
Missiles
 e - 7 curare-tipped darts (quivered)
Armour
 j - a +2 hat
 k - a +2 pair of gloves (worn)
 u - a +2 chain mail (worn)
 x - the +0 helmet of Autumn (worn) {+Inv rN+ Regen+}
   (You acquired it on level 8 of the Dungeon)

   rN+:       It protects you from negative energy.
   +Inv:      It lets you turn invisible.
   Regen+:    It increases your rate of health regeneration.
Jewellery
 a - a ring of protection from fire
 h - a ring of flight (left hand)
Wands
 b - a wand of roots (4)
 t - a wand of charming (13)
Scrolls
 v - 2 scrolls of blinking
 z - 3 scrolls of identify
Potions
 c - 2 potions of lignification
 d - 2 potions of attraction
 g - 3 potions of enlightenment
 i - a potion of invisibility
 l - 2 potions of magic
 m - a potion of cancellation
 n - a potion of experience {unknown}
 o - 3 potions of mutation
 p - 2 potions of might {unknown}
 q - a potion of heal wounds
 r - 7 potions of curing
 s - a potion of haste {unknown}


   Skills:
 + Level 10.2 Fighting
 + Level 13.9 Axes
 + Level 9.8 Armour
 + Level 4.1 Dodging
 + Level 3.4 Stealth
 + Level 0.7 Evocations


You had 11 spell levels left.
You didn't know any spells.
Your spell library was empty.

Dungeon Overview and Level Annotations

Branches:
Dungeon (8/15)             Temple (0/1) D:6            Lair (3/5) D:8
 Shoals (0/4) Lair:2       Spider (0/4) Lair:3

Altars:
Fedhas
Hepliaklqana
Nemelex Xobeh
Qazlal
Ru
Wu Jian
Xom
The Shining One

Shops:
D:5 *   D:6 (


Innate Abilities, Weirdness & Mutations

You are immune to sickness and miasma.
Your stone body is resilient. (AC +8)
You are immune to poison.
You resist negative energy. (rN+)
You are resistant to electric shocks. (rElec)
You are resistant to unholy torment.
You are immune to petrification.


Message History

You feel drained.
You fade into invisibility!
You are very lightly contaminated with residual magic.
The jumping spider pounces on you but does no damage.
The jumping spider bites you but does no damage.
The pharaoh ant barely misses you. The redback closely misses you.
The jumping spider pounces on you.
You are caught in a web!
The jumping spider barely misses you.
The pharaoh ant bites you but does no damage.
The redback barely misses you.
A red film seems to cover your vision as you go berserk!
You feel yourself moving faster!
You feel mighty! The jumping spider pounces on you!
* * * LOW HITPOINT WARNING * * *
The jumping spider bites you but does no damage.
The pharaoh ant bites you!
* * * LOW HITPOINT WARNING * * *
The redback bites you.
* * * LOW HITPOINT WARNING * * *
Unknown command.
The web tears apart.
You feel a strong urge to attack something.
The jumping spider closely misses you.
The jumping spider bites you but does no damage.
The redback closely misses you.
The pharaoh ant bites you but does no damage.
Unknown command.
You slice the pharaoh ant!! You burn the pharaoh ant!
You destroy the pharaoh ant!
Trog accepts your kill.
The pharaoh ant binds the souls of nearby monsters.
You slash the jumping spider! You burn the jumping spider.
You slash the redback! You burn the redback. The jumping spider pounces on you.
* * * LOW HITPOINT WARNING * * *
You are caught in a web!
The jumping spider bites you but does no damage.
The redback bites you but does no damage.
You struggle to detach yourself from the web.
The jumping spider pounces on you.
You die...

............ ...
............ ....
............ ....
............ ....P
##P#..##P#.. # #...####
##### ##### ... #....##
.....##s..###
#..@#...####
#....s###....#######
#.......#....†...#P..###
....>.......###.........
#.......#...#...........
#.#.....###.............
# ..#...#...............
...##....P######.##..##
.## ####..#


You could see a jumping spider (soul bound, unable to see you) and a redback
(soul bound, unable to see you).

Vanquished Creatures
  Gastronok (Lair:1)
  A catoblepas (Lair:1)
  Sonja (Lair:2)
  A pharaoh ant (Lair:3)
  A water nymph (Lair:2)
  6 cane toads
  2 komodo dragons
  2 rime drakes (Lair:1)
  A troll (D:6)
  A tarantella (Lair:3)
  7 blink frogs
  3 wyverns
  30 yaks
  2 basilisks (Lair:2)
  Eustachio (D:5)
  2 steam dragons (D:7)
  3 wargs (D:8)
  7 water moccasins
  2 sky beasts (D:8)
  2 orc warriors
  A black bear (D:7)
  An ogre (D:4)
  A phantom (D:7)
  A centaur (D:8)
  2 kobold brigands
  8 bullfrogs
  5 scorpions
  11 wights
  3 killer bees (D:5)
  2 electric eels
  A howler monkey (D:5)
  A jelly (D:5)
  5 orc priests
  3 hounds
  Ijyb (D:4)
  4 iguanas
  4 sleepcaps
  9 orc wizards
  Robin (D:4)
  8 adders
  A shadow imp (D:5)
  An ufetubus (D:6)
  3 worms
  4 dart slugs
  28 orcs
  5 endoplasms
  3 giant cockroaches
  7 goblins
  12 hobgoblins
  A jackal (D:3)
  19 kobolds
  3 quokkas
  6 ball pythons
  4 bats
  2 frilled lizards
  5 rats
252 creatures vanquished.

Vanquished Creatures (others)
  An orc (D:8)
1 creature vanquished.

Grand Total: 253 creatures vanquished

Notes
Turn   | Place    | Note
-------+----------+-------------------------------------------
     0 | D:1      | Gargoyl the Gargoyle Berserker began the quest for the Orb.
     0 | D:1      | Reached XP level 1. HP: 14/14 MP: 1/1
   212 | D:1      | Reached XP level 2. HP: 9/19 MP: 2/2
   362 | D:1      | Reached skill level 3 in Axes
   912 | D:2      | HP: 1/30 [adder (2)]
   914 | D:2      | Reached XP level 3. HP: 2/24 MP: 3/3
  1474 | D:2      | Reached XP level 4. HP: 28/29 MP: 4/4
  1690 | D:2      | Found a faded altar of an unknown god.
  2028 | D:3      | Found a shimmering altar of Xom.
  2103 | D:3      | Reached ** piety under Trog
  2308 | D:3      | Reached XP level 5. HP: 34/34 MP: 5/5
  2418 | D:3      | You fall into a shaft and drop 1 floor!
  2428 | D:4      | Noticed Robin
  2428 | D:4      | Noticed Ijyb
  2436 | D:4      | Killed Robin
  2437 | D:4      | Reached skill level 4 in Axes
  2476 | D:4      | Killed Ijyb
  2559 | D:4      | Noticed an ogre
  2566 | D:4      | Killed an ogre
  2567 | D:4      | Reached XP level 6. HP: 29/39 MP: 6/6
  3018 | D:4      | Reached skill level 5 in Axes
  3135 | D:5      | Entered Level 5 of the Dungeon
  3151 | D:5      | Reached XP level 7. HP: 28/44 MP: 7/7
  3195 | D:5      | Reached skill level 5 in Fighting
  3310 | D:5      | Found Jaonaq's Lightly-Used Armoury.
  3391 | D:5      | Reached skill level 6 in Axes
  3500 | D:5      | Reached XP level 8. HP: 26/49 MP: 8/8
  3654 | D:5      | Noticed Eustachio
  3665 | D:5      | Killed Eustachio
  3784 | D:5      | Reached skill level 7 in Axes
  3866 | D:5      | Found a hazy altar of Hepliaklqana.
  3885 | D:5      | Found a stormy altar of Qazlal.
  3885 | D:5      | Found a sparkling altar of Nemelex Xobeh.
  4453 | D:6      | Found Koreif's Weapon Emporium.
  4483 | D:6      | Noticed a troll
  4491 | D:6      | Killed a troll
  4520 | D:6      | Reached skill level 8 in Axes
  4520 | D:6      | Reached skill level 5 in Armour
  4574 | D:6      | Found a staircase to the Ecumenical Temple.
  4672 | D:6      | Found a blossoming altar of Fedhas.
  4813 | D:6      | Found a sacrificial altar of Ru.
  4823 | D:6      | Reached XP level 9. HP: 55/55 MP: 9/9
  5121 | D:7      | Found a glowing golden altar of the Shining One.
  5197 | D:7      | Reached skill level 1 in Stealth
  5309 | D:7      | Reached skill level 9 in Axes
  5485 | D:7      | Reached *** piety under Trog
  6127 | D:8      | Identified 2 scrolls of acquirement
  6127 | D:8      | Acquired the +0 helmet of Autumn {+Inv rN+ Regen+}
  6139 | D:8      | Acquired a +3 broad axe of flaming
  6168 | D:8      | Found a staircase to the Lair.
  6179 | D:8      | Reached skill level 10 in Axes
  6179 | D:8      | Reached XP level 10. HP: 62/63 MP: 10/10
  6303 | D:8      | Found an ornate altar of the Wu Jian Council.
  6832 | Lair:1   | Entered Level 1 of the Lair of Beasts
  6882 | Lair:1   | Reached skill level 11 in Axes
  6904 | Lair:1   | Reached XP level 11. HP: 51/69 MP: 11/11
  7198 | Lair:1   | Noticed Gastronok
  7219 | Lair:1   | Killed Gastronok
  7220 | Lair:1   | Reached skill level 12 in Axes
  7657 | Lair:1   | Noticed a catoblepas
  7666 | Lair:1   | Killed a catoblepas
  7963 | Lair:2   | Noticed Sonja
  7989 | Lair:2   | Killed Sonja
  7990 | Lair:2   | Reached skill level 13 in Axes
  8045 | Lair:2   | Reached XP level 12. HP: 65/76 MP: 12/12
  8071 | Lair:2   | Reached **** piety under Trog
  8356 | Lair:2   | Reached skill level 10 in Fighting
  8962 | Lair:3   | Found a hole to the Spider Nest.
  8968 | Lair:3   | HP: 4/105 [redback (5)]
  8971 | Lair:3   | Slain by a jumping spider

Illustrated notes

Levels and vault maps discovered:
D:1:      dpeg_arrival_round_a, layout_basic, minmay_misc_feat_rows
D:2:      layout_basic, shapermc_ecumenical_altar_mp_vishouse, minmay_ruptured
D:3:      layout_rooms, xom_butterflies, minmay_fractal_squares_diagonal_5,
          uniq_crazy_yiuf_cottage
D:4:      layout_basic, nicolae_goblin_pals
D:5:      layout_basic, mainiacjoe_overflow_alcove_2,
          nicolae_overflow_two_pavilions, minmay_shop_damaged, eino_curves_04,
          serial_bayou_crossing, uniq_eustachio
D:6:      layout_basic, nicolae_ru_great_annihilating_truth,
          mainiacjoe_overflow_tiny_flanked, temple_doors_e, serial_shops, shop
D:7:      layout_loops_corners, nicolae_overflow_crystal_walls,
          chequers_serial_rivers_small_3, kennysheep_dice
D:8:      layout_loops_cross, mainiacjoe_overflow_concentric_impassable,
          erik_lair_orcish_takeover, kennysheep_generic_room_12
Lair:1:   layout_cave_pods, lemuel_fruit_tree, uniq_gastronok
Lair:2:   layout_loops_ring, nicolae_shoals_entry_flooding,
          infiniplex_staircase_pool_2, serial_bayou_shore_b,
          serial_bayou_shore_b, uniq_sonja
Lair:3:   layout_long_grid, nicolae_spider_entry_lesser_pyramids

Skill      XL: |  1  2  3  4  5  6  7  8  9 10 11 12 |
---------------+-------------------------------------+-----
Axes           | 3 4 5 6 8 10 11 13 | 13.9
Fighting       | 4 5 6 7 8 9 10 | 10.2
Dodging        | 2 3 4 |  4.1
Armour         | 3 4 5 6 7 9 |  9.8
Stealth        | 1 3 |  3.4
Evocations     | |  0.7

Action                     |  1- 3 |  4- 6 |  7- 9 | 10-12 || total
---------------------------+-------+-------+-------+-------++-------
  Melee: Hand axe          |    36 |       |       |       ||    36
         War axe           |    31 |   163 |   237 |       ||   431
         Punch             |       |       |     1 |     5 ||     6
         Broad axe         |       |       |     6 |   278 ||   284
 Invoke: Berserk           |     2 |     2 |     9 |     9 ||    22
         Trog's Hand       |       |     2 |     5 |    12 ||    19
Ability: Evoke Invisibilit |       |       |       |     2 ||     2
    Use: Scroll            |     1 |     7 |    12 |    10 ||    30
         Potion            |       |       |       |     1 ||     1
   Stab: Paralysed         |       |       |     1 |       ||     1
         Invisible         |       |       |       |     6 ||     6
 Armour: Animal skin       |    40 |       |       |       ||    40
         Ring mail         |     8 |   100 |       |       ||   108
         Chain mail        |       |    32 |   253 |   324 ||   609
  Dodge: Dodged            |    67 |   112 |   137 |   167 ||   483

Table legend: (Time is in decaauts)
 A = Elapsed time spent in this place.
 B = Non-inter-level travel time spent in this place.
 C = Inter-level travel time spent in this place.
 D = Time resting spent in this place.
 E = Time spent auto-exploring this place.
 F = Levels seen in this place.
 G = Mean time per level.
                   A        B        C        D        E       F      G
               +--------+--------+--------+--------+--------+-----+--------+
         Total |   9230 |   8786 |    444 |    541 |   6136 |  11 |  839.1 |
       Dungeon |   7042 |   6643 |    399 |    406 |   4702 |   8 |  880.2 |
          Lair |   2188 |   2143 |     45 |    135 |   1434 |   3 |  729.3 |
               +--------+--------+--------+--------+--------+-----+--------+

Top non-repeatable levels by time:
     D:7: 1268 daAuts
     D:5: 1229 daAuts
  Lair:1: 1169 daAuts
     D:2: 1101 daAuts
     D:1: 954 daAuts
     D:4: 744 daAuts
  Lair:2: 726 daAuts
     D:8: 718 daAuts
     D:6: 608 daAuts
     D:3: 417 daAuts
  Lair:3: 292 daAuts
